 Dungeon Crawl Stone Soup version 0.27.0-1-g7a089689b8 (webtiles) character file.

Game seed: 15936078271245370864

1787058 PieDemon the Conqueror (level 25, 257/257 HPs)
             Began as a Minotaur Fighter on Aug 12, 2021.
             Was the Champion of Ru.
             Escaped with the Orb
             ... and 3 runes on Aug 13, 2021!
             The game lasted 04:01:45 (64224 turns).

PieDemon the Conqueror (Minotaur Fighter)          Turns: 64224, Time: 04:01:46

Health: 257/257    AC: 41    Str: 33    XL:     25
Magic:  17/17      EV: 14    Int: 11    God:    Ru [******]
Gold:   1209       SH: 33    Dex: 10    Spells: 24/24 levels left

rFire    + . .     SeeInvis +   a - +9 broad axe (vamp)
rCold    + . .     Faith    .   X - +5 tower shield of Wrong Decisions {rC+ Int+6 Dex-5}
rNeg     . . .     Spirit   .   C - +2 gold dragon scales
rPois    +         Reflect  .   i - +2 hat
rElec    .         Harm     .   t - +0 cloak of Amorality {rPois Will+ Regen+ Str+4}
rCorr    .         Rampage  .   f - +2 pair of gloves {Dex+3}
Will     +++..                  G - +2 pair of boots {Stlth+}
Stlth    ..........             e - amulet "Zees" {+Blink Will+ Regen+}
HPRegen  2.52/turn              r - ring of see invisible
MPRegen  0.15/turn              v - ring of protection from fire

@: no status effects
A: horns 2, low mp 2, hated by all, no conjurations magic, no hexes magic, no
ice magic, inexperienced 1, temperature sensitive, retaliatory headbutt, clumsy
1
0: Orb of Zot
}: 3/15 runes: decaying, serpentine, silver
a: Renounce Religion, Evoke Blink, Draw Out Power, Power Leap, Apocalypse


You escaped.
You worshipped Ru.
Ru was exalted by your worship.
You visited 9 branches of the dungeon, and saw 47 of its levels.
You visited the Abyss 1 time.
You visited 1 bazaar.
You also visited: Desolation.

You collected 6083 gold pieces.
You spent 4874 gold pieces at shops.

Inventory:

Hand Weapons
 a - a +9 vampiric broad axe (weapon)
Missiles
 c - 10 silver javelins
 g - 3 silver boomerangs
 q - 4 boomerangs of dispersal
 D - 3 throwing nets
 L - 80 boomerangs
 R - 7 atropa-tipped darts
Armour
 f - a +2 pair of gloves of dexterity (worn)
 i - a +2 hat (worn)
 m - the +0 pair of gloves of Gravitas {rC+ rN+}
   (You acquired it on level 2 of the Depths)

   rC:        It protects you from cold.
   rN:        It protects you from negative energy.
 t - the +0 cloak of Amorality (worn) {rPois Will+ Regen+ Str+4}
   (You bought it in a shop on level 5 of the Vaults)

   Str:       It affects your strength (+4).
   rPois:     It protects you from poison.
   Regen:     It increases your rate of health regeneration.
   Will:      It increases your willpower.
 w - a scarf of resistance
 C - +2 gold dragon scales (worn)
 G - a +2 pair of boots of stealth (worn)
 X - the +5 tower shield of Wrong Decisions (worn) {rC+ Int+6 Dex-5}
   (You bought it in a shop on level 3 of the Vaults)

   Int:       It affects your intelligence (+6).
   Dex:       It affects your dexterity (-5).
   rC:        It protects you from cold.
Jewellery
 e - the amulet "Zees" (around neck) {+Blink Will+ Regen+}
   (You bought it in a shop on level 5 of the Vaults)

   [amulet of regeneration]

   +Blink:    It lets you blink.
   Regen:     It increases your rate of health regeneration.
   Will:      It increases your willpower.
 p - the ring "Poeryor" {rC+ rCorr}
   (You found it in the Desolation of Salt)

   [ring of resist corrosion]

   rC:        It protects you from cold.
   rCorr:     It protects you from acid and corrosion.
 r - a ring of see invisible (left hand)
 s - a ring of protection from cold
 u - a ring of flight
 v - a ring of protection from fire (right hand)
 x - a ring of protection from fire
 y - a ring of willpower
Wands
 z - a wand of digging (4)
 K - a wand of iceblast (52)
 Q - a wand of acid (29)
 S - a wand of paralysis (29)
Scrolls
 j - 4 scrolls of magic mapping
 l - a scroll of silence
 B - 2 scrolls of fog
 F - 6 scrolls of fear
 H - 7 scrolls of vulnerability
 P - 22 scrolls of teleportation
 T - a scroll of blinking
 V - a scroll of holy word
Potions
 b - 6 potions of magic
 d - 2 potions of might
 h - 7 potions of attraction
 k - 8 potions of heal wounds
 n - 20 potions of curing
 o - 6 potions of mutation
 A - a potion of haste
 E - 4 potions of ambrosia
 I - a potion of resistance
 J - 5 potions of lignification
 M - 5 potions of cancellation
 N - 5 potions of flight
 U - 2 potions of invisibility
 W - 3 potions of berserk rage


   Skills:
 O Level 27 Fighting
 + Level 25.3 Axes
 - Level 8.0 Throwing
 O Level 27 Armour
 + Level 21.2 Dodging
 O Level 27 Shields
 - Level 4.0 Evocations


You had 24 spell levels left.
You didn't know any spells.
Your spell library contained the following spells:

 Spells                   Type           Power      Damage    Failure   Level
 Beastly Appendage        Tmut           0%         N/A       85%         1
 Blink                    Tloc           N/A        N/A       94%         2
 Sublimation of Blood     Necr           0%         N/A       94%         2
 Wereblood                Tmut           0%         N/A       94%         2
 Ignite Poison            Fire/Tmut/Pois 0%         N/A       99%         3
 Lesser Beckoning         Tloc           0%         N/A       99%         3
 Spider Form              Tmut/Pois      0%         N/A       99%         3
 Passage of Golubria      Tloc           N/A        N/A       100%        4
 Petrify                  Tmut/Erth      0%         N/A       100%        4
 Blade Hands              Tmut           0%         N/A       100%        5
 Excruciating Wounds      Necr           0%         N/A       100%        5
 Manifold Assault         Tloc           0%         N/A       100%        5
 Eringya's Noxious Bog    Tmut/Pois      0%         N/A       100%        6
 Statue Form              Tmut/Erth      0%         N/A       100%        6
 Ignition                 Fire           0%         3d3       100%        8
 Maxwell's Capacitive Co  Air            0%         ∞         100%        8
 Corona                   Hex            Unusable   N/A       N/A         1
 Ensorcelled Hibernation  Hex/Ice        Unusable   N/A       N/A         2
 Static Discharge         Conj/Air       Unusable   N/A       N/A         2
 Frozen Ramparts          Ice            Unusable   1d2       N/A         3
 Inner Flame              Hex/Fire       Unusable   N/A       N/A         3
 Portal Projectile        Hex/Tloc       Unusable   N/A       N/A         3
 Summon Guardian Golem    Hex/Summ       Unusable   N/A       N/A         3
 Tukima's Dance           Hex            Unusable   N/A       N/A         3
 Animate Armour           Summ/Erth      Unusable   N/A       N/A         4
 Ice Form                 Ice/Tmut       Unusable   N/A       N/A         4
 Leda's Liquefaction      Hex/Erth       Unusable   N/A       N/A         4
 Summon Ice Beast         Ice/Summ       Unusable   N/A       N/A         4
 Bolt of Magma            Conj/Fire/Erth Unusable   4d4       N/A         5
 Irradiate                Conj/Tmut      Unusable   3d13      N/A         5
 Iskenderun's Battlesphe  Conj           Unusable   2d6       N/A         5
 Lightning Bolt           Conj/Air       Unusable   1d11      N/A         5
 Silence                  Hex/Air        Unusable   N/A       N/A         5
 Summon Forest            Summ/Tloc      Unusable   N/A       N/A         5
 Summon Mana Viper        Hex/Summ       Unusable   N/A       N/A         5
 Iron Shot                Conj/Erth      Unusable   9d1       N/A         6
 Shadow Creatures         Summ           Unusable   N/A       N/A         6
 Orb of Destruction       Conj           Unusable   N/A       N/A         7
 Spellforged Servitor     Conj/Summ      Unusable   N/A       N/A         7
 Summon Hydra             Summ           Unusable   N/A       N/A         7
 Lehudib's Crystal Spear  Conj/Erth      Unusable   10d2      N/A         8

Dungeon Overview and Level Annotations

Branches:
Dungeon (15/15)            Temple (1/1) D:7            Lair (6/6) D:8
  Swamp (4/4) Lair:2        Snake (4/4) Lair:2        Slime (0/5) Lair:5
    Orc (2/2) D:11            Elf (0/3) Orc:2        Vaults (5/5) D:13
  Crypt (0/3) Vaults:3     Depths (5/5) D:15            Zot (5/5) Depths:5
Desolation (visited)

Altars:
Ashenzari
Cheibriados
Dithmenos
Elyvilon
Fedhas
Gozag
Hepliaklqana
Kikubaaqudgha
Makhleb
Nemelex Xobeh
Okawaru
Qazlal
Ru
Sif Muna
Trog
Uskayaw
Vehumet
Wu Jian
Xom
Yredelemnul
Zin
The Shining One
Beogh

Shops:
D:5 *   D:6 *   D:9 (   D:11 *[   D:13 *   Orc:2 *?([(   Snake:2 *((!
Vaults:1 (   Vaults:3 [   Vaults:5 =[   Depths:2 [[*(   Depths:3 ([

Portals:
Hell: Depths:1 Depths:2 Depths:3 Depths:4 Depths:5
Abyss: Depths:4
Pandemonium: Depths:3 Depths:4
Ziggurat: Depths:3
Trove: D:15 (give horn of Geryon)

Annotations:
D:3 exclusion: downstairs
D:14 exclusion: downstairs
Lair:1 exclusion: oklob plant
Lair:4 exclusion: downstairs
Lair:5 exclusion: 3 oklob plants
Orc:1 exclusion: downstairs
Vaults:1 exclusion: downstairs
Vaults:2 exclusion: downstairs


Innate Abilities, Weirdness & Mutations

You have a pair of horns on your head.
Your magical capacity is very low. (-20% MP)
You are hated by all.
You cannot study or cast Conjurations magic.
You cannot study or cast Hexes magic.
You cannot study or cast Ice magic.
You are somewhat inexperienced. (-2 XL)
You are sensitive to extremes of temperature. (rF-, rC-)
You reflexively headbutt those who attack you in melee.
You are clumsy. (Dex -2)


Message History

The ynoxinul bellows!
The ynoxinul gestures at you. You block the iron shot.
There is a stone staircase leading up here.
You climb upwards.
There is a stone staircase leading down here.
(D) Dungeon (T) Temple (L) Lair (S) Swamp (P) Snake Pit (M) Slime Pits (O) Orcish Mines (E) Elven Halls (V) Vaults (C) Crypt (U) Depths (H) Hell (Z) Zot
Where to? (Enter - D:1 @ (x,y), ? - help)
There is a stone staircase leading up here.
You climb upwards.
There is a stone staircase leading down here.
There is a stone staircase leading up here.
You climb upwards.
There is a stone staircase leading down here.
There is an open door here.
There is a stone staircase leading up here.
You climb upwards.
There is a stone staircase leading down here.
There is a stone staircase leading up here.
You climb upwards.
There is a stone staircase leading down here.
The frilled lizard hisses angrily.
There is a stone staircase leading up here.
You climb upwards.
There is a stone staircase leading down here.
There is a stone staircase leading up here.
You climb upwards.
Level annotation: exclusion: downstairs
There is a stone staircase leading down here.
There is a stone staircase leading up here.
You climb upwards.
There is a stone staircase leading down here.
There is a stone staircase leading up here.
You climb upwards.
There is a stone staircase leading down here.
There is a staircase leading out of the dungeon here.
You have escaped!

.# #.#.#.#............#.#.#
.# #.#.#..#...#......#..#.#
.# #.#.#...#...#....#...#.#
.# #.#.#....#...#..#....#.#
.# #.#.#.....#.#.##.....#.#
.# #.#.#......#...#.....#.#
## #.#.#...#.#.....#....#.#
#.#.#....#.......#.#.#>#
#####.#...#...#.@.#...#....#
........#..#...#.#...#.#.#.#
........#...#...#...#....#.#
........#....#.....#.....#.#
###.....#.....#...##.....#.#
# #.....#....#.#.#..#....#.#
# #.....#...#...#....#...#.#
# #.....#..#.....#....#..#.#
# #.....#.#............#.#.#


There were no monsters in sight!

Vanquished Creatures
  2 orbs of fire (Zot:5)
  3 ancient liches
  A juggernaut (Depths:3)
  5 dread liches
  Mennas (Depths:5)
  Sojobo (Vaults:3)
  Bai Suzhen (Vaults:4)
  11 Killer Klowns (Zot:5)
  Margery (Vaults:2)
  Saint Roka (Depths:3)
  2 caustic shrikes
  A curse toe (Zot:5)
  8 golden dragons
  The ghost of TuffENuff the Warrior, an adept FoFi of Cheibriados (Snake:2)
  The ghost of Pusifiv the Spry, an adept DjCj of Dithmenos (Snake:3)
  2 Tzitzimimeh
  6 tentacled monstrosities
  3 electric golems
  25 Orb Guardians
  A Brimstone Fiend (Depths:5)
  5 titans
  A Hell Sentinel (Depths:5)
  4 liches
  5 sphinxes
  An Executioner (Depths:5)
  5 acid blobs (Depths:5)
  7 quicksilver dragons
  5 death cobs
  10 draconian monks
  A thorn hunter (Swamp:4)
  3 nagarajas
  An ancient champion (Vaults:3)
  11 storm dragons
  12 shadow dragons
  Donald (Orc:2)
  5 tengu reavers
  4 rockslimes (Depths:5)
  5 azure jellies (Depths:5)
  17 vault wardens
  2 imperial myrmidons (Desolation)
  2 fenstrider witches
  2 draconian stormcallers
  13 fire giants
  A balrug (Depths:1)
  A draconian knight (Zot:2)
  Aizul (Snake:1)
  10 frost giants
  A ghost moth (Zot:3)
  A deep elf sorcerer (Vaults:5)
  3 draconian scorchers
  Louise (D:15)
  The ghost of Kisosi the Severer, a journeyman DDFi of Makhleb (Orc:1)
  21 ironbound preservers
  3 draconian annihilators
  A spriggan defender (Depths:2)
  8 draconian shifters
  A juggernaut zombie (Depths:2)
  20 stone giants
  10 war gargoyles
  42 very ugly things
  A reaper (Depths:1)
  9 green draconians
  6 vampire knights
  20 black draconians
  A bunyip (Swamp:1)
  16 white draconians
  2 halazid warlocks (Desolation)
  3 entropy weavers (Vaults:1)
  10 purple draconians
  23 spark wasps
  13 red draconians
  Azrael (Snake:2)
  6 dire elephants
  4 yellow draconians
  12 ettins
  3 crystal guardians
  A blizzard demon (Depths:3)
  3 eleionomae (Swamp:3)
  A quicksilver dragon zombie (Abyss:2)
  A deep elf high priest (Vaults:5)
  Josephine (Orc:1)
  A merfolk javelineer (Depths:3)
  A jiangshi (Vaults:3)
  A shambling mangrove (Swamp:4)
  15 fire dragons
  15 great orbs of eyes
  8 ragged hierophants (Desolation)
  A great orb of eyes (shapeshifter) (Vaults:5)
  Fannar (Orc:1)
  Harold (D:7)
  7 servants of whispers (Desolation)
  4 spriggan air magi
  18 hydras
  9 ice dragons
  8 ironbound thunderhulks
  6 salamander tyrants
  33 vault guards
  13 naga warriors
  12 yaktaur captains
  10 boulder beetles
  Erolcha (Orc:2)
  An ice dragon (shapeshifter) (Vaults:5)
  10 anacondas
  6 peacekeepers
  5 rakshasas
  A catoblepas (Lair:2)
  3 ogre magi
  5 two-headed ogres
  2 death knights
  An anaconda (shapeshifter) (Vaults:5)
  6 ironbound frosthearts
  7 centaur warriors
  5 death yaks (Lair:6)
  A vampire mage (Depths:1)
  A two-headed ogre (shapeshifter) (Vaults:5)
  5 alligators
  2 spriggan berserkers
  Urug (D:13)
  2 tengu warriors (D:15)
  12 deep troll earth magi
  2 thrashing horrors (Abyss:2)
  9 deep troll shamans
  6 ironbound beastmasters
  5 orc high priests (Orc:2)
  6 shock serpents
  3 spriggans
  7 naga sharpshooters
  9 salamander mystics
  Nergalle (Lair:1)
  9 iron trolls
  A fire crab (Lair:6)
  9 skeletal warriors
  22 hell knights
  A shadow wraith (Vaults:5)
  A fire crab (shapeshifter) (Depths:3)
  A sixfirhy (Abyss:3)
  2 flayed ghosts
  74 deep trolls
  2 goliath frogs
  11 sea snakes
  A death drake (Depths:5)
  A spriggan druid (Swamp:3)
  5 naga ritualists
  2 glowing orange brains
  9 wizards
  7 bog bodies
  11 swamp dragons
  2 gelid demonspawn (Depths:3)
  28 ironbound convokers
  6 harpies
  9 phantasmal warriors
  11 orc knights
  3 deep elf pyromancers
  6 lindwurms
  Pikel (D:7)
  An iron dragon zombie (Depths:1)
  9 mana vipers
  A deep elf archer (Orc:1)
  4 will-o-the-wisps
  11 necromancers
  2 mana vipers (shapeshifter) (Vaults:5)
  3 orc sorcerers
  6 manticores
  94 ugly things
  10 moths of wrath
  22 salamanders
  A wolf spider (Vaults:1)
  A fire giant skeleton (Depths:1)
  A sphinx skeleton (Vaults:5)
  7 cyclopes
  2 frost giant skeletons (Depths:1)
  29 black mambas
  8 guardian serpents
  9 elephants (Lair:6)
  4 starcursed masses (Abyss:2)
  A stone giant skeleton (D:15)
  24 vault sentinels
  3 molten gargoyles
  An apocalypse crab (Abyss:3)
  A titan simulacrum (Vaults:5)
  11 cane toads
  14 naga magi
  3 torpor snails
  A gargoyle (D:10)
  A yaktaur zombie (Vaults:5)
  A smoke demon (Depths:2)
  13 komodo dragons
  A rime drake (Lair:5)
  3 unseen horrors
  A spriggan zombie (D:15)
  A kobold demonologist (D:9)
  35 yaktaurs
  6 efreet
  An entropy weaver simulacrum (Vaults:5)
  An ice devil (Depths:3)
  3 tengu conjurers
  4 freezing wraiths
  An ancient zyme (Abyss:3)
  3 spriggan skeletons
  6 trolls
  A guardian mummy (D:15)
  A jumping spider (shapeshifter) (Vaults:2)
  3 raiju (Abyss:2)
  A hornet (shapeshifter) (Vaults:5)
  9 hornets
  A sphinx simulacrum (Depths:1)
  2 polar bears
  18 blink frogs
  8 tyrant leeches
  6 dream sheep (Lair:5)
  37 slime creatures
  57 saltlings (Desolation)
  A fire giant simulacrum (Depths:2)
  A flying skull (Abyss:2)
  2 small abominations (Abyss:2)
  A centaur simulacrum (D:14)
  Sigmund (D:3)
  4 large abominations
  A deep troll zombie (Depths:1)
  4 shadows
  7 water elementals
  7 wyverns
  A human (shapeshifter) (Vaults:5)
  7 wraiths
  8 redbacks
  A golden eye (shapeshifter) (D:15)
  2 vampires
  4 fire elementals
  53 yaks
  Grum (D:8)
  5 steam dragons
  4 basilisks
  A chaos spawn (Abyss:2)
  8 fire bats (Depths:5)
  19 vampire mosquitoes
  17 swamp worms
  A human zombie (Depths:2)
  A warg (Depths:3)
  40 nagas
  2 acid dragons
  Edmund (D:6)
  A naga (shapeshifter) (Vaults:5)
  2 swamp worms (shapeshifter)
  8 hell hounds
  2 floating eyes
  33 water moccasins
  6 swamp drakes
  An ice beast (D:5)
  37 orc warriors
  3 black bears
  2 sky beasts (D:6)
  3 necrophages
  4 boggarts (Vaults:1)
  A spriggan simulacrum (Depths:1)
  16 wolves
  7 ogres
  6 centaurs
  A lemure (D:7)
  A kobold brigand (D:6)
  A phantom (D:6)
  21 bullfrogs
  A gnoll sergeant (D:10)
  A water moccasin zombie (D:6)
  3 scorpions (D:5)
  A wyvern skeleton (D:7)
  A water moccasin skeleton (D:5)
  5 wights
  A killer bee (D:6)
  2 tengu zombies
  3 vampire bats (Lair:2)
  A howler monkey (D:5)
  8 electric eels
  7 lava snakes
  3 centaur zombies
  26 orc priests
  3 hounds
  7 jellies
  A centaur skeleton (D:6)
  A bullfrog skeleton (D:6)
  4 iguanas
  15 orc wizards
  2 killer bee zombies
  A hound zombie (D:5)
  A howler monkey zombie (D:5)
  Robin (D:3)
  A howler monkey skeleton (D:5)
  6 adders
  11 gnolls
  A white imp (Abyss:2)
  An ufetubus (D:5)
  3 worms
  5 dart slugs
  74 orcs
  4 endoplasms
  2 giant cockroaches
  11 goblins
  7 hobgoblins
  13 jackals
  5 quokkas
  8 ball pythons
  7 bats
  7 frilled lizards
  6 kobolds
  3 rats
2130 creatures vanquished.

Vanquished Creatures (others)
  2 golden dragons
  A quicksilver dragon (Depths:5)
  A sphinx (Depths:3)
  A tentacled starspawn (Abyss:2)
  A nagaraja (Snake:4)
  A rockslime (Depths:5)
  A draconian monk (Depths:5)
  An orc warlord (Vaults:1)
  A draconian scorcher (Zot:2)
  A vault warden (Vaults:3)
  3 ironbound preservers
  A very ugly thing (Vaults:3)
  A draconian annihilator (Depths:5)
  2 vampire knights
  A dire elephant (Vaults:1)
  A black draconian (Zot:5)
  2 ettins (Depths:1)
  A yaktaur captain (Vaults:5)
  A shambling mangrove (Swamp:4)
  A servant of whispers (Desolation)
  5 hydras
  2 peacekeepers
  A deep troll earth mage (Depths:4)
  2 shock serpents
  A salamander mystic (Snake:4)
  A deep troll (Vaults:4)
  An ironbound convoker (Vaults:2)
  A salamander (Depths:5)
  A shining eye (shapeshifter) (Depths:1)
  A moth of wrath (Snake:3)
  A cyclops (D:14)
  A black mamba (Lair:6)
  A guardian serpent (Snake:4)
  A gargoyle (D:12)
  A yaktaur (Vaults:3)
  A tyrant leech (Swamp:1)
  A saltling (Desolation)
  A bloated husk (Swamp:3)
  A blink frog (Lair:5)
  A redback (Vaults:1)
  A wraith (D:13)
  A yak (Lair:5)
  A vampire mosquito (D:14)
  3 nagas
  A swamp worm (Swamp:1)
  A water moccasin (Lair:4)
  An orc warrior (Orc:1)
  An electric eel (Snake:3)
  An orc (D:11)
  25 foxfires
  72 fungi
  77 plants
  5 toadstools (D:3)
  8 withered plants (D:15)
249 creatures vanquished.

Grand Total: 2379 creatures vanquished

Notes
Turn   | Place    | Note
-------+----------+-------------------------------------------
     0 | D:1      | PieDemon the Minotaur Fighter began the quest for the Orb.
     0 | D:1      | Reached XP level 1. HP: 19/19 MP: 0/0
   169 | D:1      | Reached XP level 2. HP: 27/27 MP: 1/1
   274 | D:1      | Found a faded altar of an unknown god.
   521 | D:1      | Reached XP level 3. HP: 33/33 MP: 2/2
   871 | D:2      | Found a hazy altar of Hepliaklqana.
  1744 | D:3      | Noticed Robin
  1747 | D:3      | Reached XP level 4. HP: 40/40 MP: 3/3
  1754 | D:3      | Killed Robin
  1925 | D:3      | Noticed Sigmund
  1935 | D:3      | Killed Sigmund
  1936 | D:3      | Reached skill level 5 in Axes
  1936 | D:3      | Reached skill level 1 in Throwing
  1936 | D:3      | Reached XP level 5. HP: 33/46 MP: 4/4
  2845 | D:4      | Reached XP level 6. HP: 52/52 MP: 5/5
  2894 | D:4      | Reached skill level 5 in Armour
  2894 | D:4      | Reached skill level 5 in Shields
  3080 | D:4      | Reached XP level 7. HP: 59/59 MP: 6/6
  4387 | D:5      | Entered Level 5 of the Dungeon
  4794 | D:5      | Found Eplenoeteu's General Store.
  5208 | D:5      | Reached XP level 8. HP: 53/66 MP: 7/7
  5738 | D:5      | Reached skill level 1 in Dodging
  6176 | D:6      | Noticed Blork the orc
  6177 | D:6      | Noticed Blork
  6177 | D:6      | Blork the orc changed into Blork the ball python
  6178 | D:6      | Noticed Eustachio
  6182 | D:6      | Killed Blork the ball python
  6195 | D:6      | Noticed Eustachio
  6195 | D:6      | Eustachio changed into Eustachio the killer bee
  6203 | D:6      | Killed Eustachio the killer bee
  6226 | D:6      | Reached skill level 5 in Fighting
  6337 | D:6      | Found Aghiwog's Elemental Accessories.
  6424 | D:6      | Reached XP level 9. HP: 81/81 MP: 8/8
  6494 | D:6      | Identified the +1 robe of Darkness {+Inv}
  6518 | D:6      | Reached XP level 10. HP: 52/88 MP: 9/9
  6882 | D:6      | Noticed Edmund
  6893 | D:6      | Killed Edmund
  7150 | D:7      | Noticed Harold
  7151 | D:7      | Noticed Pikel
  7165 | D:7      | Killed Pikel
  7175 | D:7      | Killed Harold
  7176 | D:7      | Reached skill level 10 in Armour
  7176 | D:7      | Reached skill level 10 in Shields
  8339 | D:7      | Found a staircase to the Ecumenical Temple.
  8352 | Temple   | Entered the Ecumenical Temple
  8455 | Temple   | Became a worshipper of Ru the Awakened
  8923 | D:8      | Found a staircase to the Lair.
  9366 | D:8      | Noticed a two-headed ogre
  9391 | D:8      | Killed a two-headed ogre
  9744 | D:8      | Noticed Grum
  9748 | D:8      | Reached XP level 11. HP: 95/95 MP: 10/10
  9759 | D:8      | Killed Grum
 10191 | D:9      | Found Huhoc's Antique Weapon Shop.
 10198 | D:9      | Noticed a two-headed ogre
 10216 | D:9      | Killed a two-headed ogre
 10420 | D:9      | Noticed a sixfirhy
 10802 | D:9      | Identified the +0 hat of the Storm King {Rampage rElec
                  | Will- Dex-2}
 10813 | D:9      | Identified the +11 great sword "Pendulum" {holy, Str+3
                  | Int+4 Stlth+}
 10856 | D:9      | Gained mutation: You are sensitive to extremes of
                  | temperature. (rF-, rC-) [Ru sacrifice]
 10856 | D:9      | Reached * piety under Ru
 10856 | D:9      | Reached ** piety under Ru
 11249 | D:10     | Entered Level 10 of the Dungeon
 12107 | D:10     | Found a stormy altar of Qazlal.
 12375 | Lair:1   | Entered Level 1 of the Lair of Beasts
 12777 | Lair:1   | Noticed an oklob plant
 13192 | Lair:1   | Noticed Nergalle
 13208 | Lair:1   | Noticed a spectral orc warlord
 13230 | Lair:1   | Killed Nergalle
 13251 | Lair:1   | Reached XP level 12. HP: 66/105 MP: 11/11
 13802 | Lair:1   | Gained mutation: You are somewhat inexperienced. (-2 XL)
                  | [Ru sacrifice]
 13802 | Lair:1   | Reached XP level 11. HP: 74/97 MP: 10/10
 13802 | Lair:1   | Reached XP level 10. HP: 74/91 MP: 9/9
 13802 | Lair:1   | Reached *** piety under Ru
 13802 | Lair:1   | Reached **** piety under Ru
 14314 | Lair:2   | Noticed Sonja
 14347 | Lair:2   | Noticed Sonja
 14347 | Lair:2   | Sonja changed into Sonja the hound
 14350 | Lair:2   | Killed Sonja the hound
 15112 | Lair:2   | Reached skill level 10 in Fighting
 15123 | Lair:2   | Noticed a catoblepas
 15131 | Lair:2   | Reached skill level 15 in Axes
 15153 | Lair:2   | Killed a catoblepas
 15158 | Lair:2   | Reached skill level 5 in Throwing
 15548 | Lair:2   | Found a staircase to the Snake Pit.
 15808 | Lair:2   | Noticed a five-headed hydra
 15816 | Lair:2   | Killed a one-headed hydra
 16014 | Lair:2   | Found a staircase to the Swamp.
 16211 | Lair:3   | Noticed a four-headed hydra
 16222 | Lair:3   | Killed a one-headed hydra
 16938 | Lair:3   | Reached XP level 11. HP: 68/101 MP: 10/10
 17882 | Lair:4   | Gained mutation: You are hated by all. [Ru sacrifice]
 17882 | Lair:4   | Reached ***** piety under Ru
 18819 | Lair:5   | Noticed Nessos
 18995 | Lair:5   | Found a staircase to the Slime Pits.
 19219 | Lair:5   | Noticed Nessos
 19219 | Lair:5   | Nessos changed into Nessos the manticore
 19233 | Lair:5   | Killed Nessos the manticore
 20344 | Lair:5   | Gained mutation: Your magical capacity is low. (-10% MP)
                  | [Ru sacrifice]
 20707 | D:10     | Reached skill level 5 in Dodging
 21241 | D:11     | Found a staircase to the Orcish Mines.
 21243 | D:11     | Found Xel Daat's Armour Shoppe.
 21329 | D:11     | Bought the +1 chain mail of Makhleb's Wrath {Regen+ Dex+3
                  | SInv} for 405 gold pieces
 21329 | D:11     | Bought a +2 pair of boots for 247 gold pieces
 21915 | D:11     | Found Misallax's Assorted Antiques.
 22244 | D:12     | Reached skill level 15 in Shields
 22244 | D:12     | Reached XP level 12. HP: 103/112 MP: 9/9
 22948 | Orc:1    | Entered Level 1 of the Orcish Mines
 23287 | Orc:1    | Noticed Fannar
 23303 | Orc:1    | Killed Fannar
 23309 | Orc:1    | Noticed Josephine
 23338 | Orc:1    | Killed Josephine
 23401 | Orc:1    | Found a runed translucent gate.
 23401 | Orc:1    | Found a runed translucent gate.
 23403 | Orc:1    | Found a runed translucent gate.
 23412 | Orc:1    | Noticed a stone giant
 23413 | Orc:1    | Noticed Kisosi's ghost (journeyman DDFi)
 23416 | Orc:1    | Found an iron altar of Okawaru.
 23577 | Orc:2    | Entered Level 2 of the Orcish Mines
 23586 | Orc:2    | Gained mutation: You cannot study or cast Ice magic. [Ru
                  | sacrifice]
 23586 | Orc:2    | Gained mutation: You cannot study or cast Hexes magic. [Ru
                  | sacrifice]
 23586 | Orc:2    | Gained mutation: You cannot study or cast Conjurations
                  | magic. [Ru sacrifice]
 23586 | Orc:2    | Reached ****** piety under Ru
 23624 | Orc:2    | Noticed Erolcha
 23627 | Orc:2    | Killed Erolcha
 23737 | Orc:2    | Found a staircase to the Elven Halls.
 23989 | Orc:2    | Noticed Donald
 24003 | Orc:2    | Killed Donald
 24193 | Orc:2    | Found Kalan's General Store.
 24984 | Orc:2    | Found Anuanet's Magic Scroll Shop.
 24984 | Orc:2    | Found Qeradeu's Antique Weapon Shop.
 24985 | Orc:2    | Found Vuoxzok's Antique Weapon Boutique.
 24985 | Orc:2    | Found Hyuttuco's Armour Shop.
 25497 | D:13     | Noticed Urug
 25513 | D:13     | Killed Urug
 25514 | D:13     | Reached XP level 13. HP: 112/123 MP: 10/10
 25588 | D:13     | Identified the +2 ring mail of the Valley {Str+3}
 25615 | D:13     | Found Fodin's Assorted Antiques.
 25933 | D:13     | Found a gate to the Vaults.
 26802 | D:14     | Reached skill level 15 in Armour
 27441 | D:15     | Entered Level 15 of the Dungeon
 27977 | D:15     | Noticed Louise
 28005 | D:15     | Killed Louise
 28183 | D:15     | Identified the +5 bardiche "Liwkube" {pain, rF+}
 28206 | D:15     | Found a staircase to the Depths.
 28670 | D:15     | Found a portal to a secret trove of treasure.
 28933 | D:5      | Bought a ring of poison resistance for 280 gold pieces
 29059 | Snake:1  | Entered Level 1 of the Snake Pit
 29180 | Snake:1  | Reached skill level 15 in Fighting
 29763 | Snake:1  | Reached XP level 14. HP: 130/132 MP: 11/11
 29859 | Snake:1  | Noticed Aizul
 29884 | Snake:1  | Killed Aizul
 30286 | Snake:2  | Noticed Azrael
 30302 | Snake:2  | Killed Azrael
 30358 | Snake:2  | Found a transporter.
 30412 | Snake:2  | Noticed TuffENuff's ghost (adept FoFi)
 30442 | Snake:2  | Found a transporter.
 30565 | Snake:2  | Found the +8 demon blade "Leech" {vamp, *Rage +Rage rN+}
 30689 | Snake:2  | Found Futeedd's Distillery.
 30689 | Snake:2  | Found Motuk's General Store.
 30690 | Snake:2  | Found Gedgheg's Weapon Shoppe.
 30694 | Snake:2  | Found Heabbem's Antique Weapon Emporium.
 30710 | Snake:2  | Bought a scroll of identify for 24 gold pieces
 31222 | Snake:3  | Found a transporter.
 31262 | Snake:3  | Found a bloodstained altar of Trog.
 31269 | Snake:3  | Found a transporter.
 31301 | Snake:3  | Noticed Pusifiv's ghost (adept DjCj)
 32151 | Snake:4  | Entered Level 4 of the Snake Pit
 32609 | Snake:4  | Found a flickering gateway to a bazaar.
 32615 | Bazaar   | Entered a bazaar
 32630 | Bazaar   | Found Nuatrel's Assorted Antiques.
 32630 | Bazaar   | Found Sodwarao's Magic Scroll Emporium.
 32665 | Bazaar   | Found Noduus's Assorted Antiques.
 32665 | Bazaar   | Found Zyloc's Antique Armour Emporium.
 32676 | Bazaar   | Bought a faintly humming chain mail for 171 gold pieces
 32676 | Bazaar   | Identified the +7 chain mail of Jigsaw {Regen+ Dex+3} (You
                  | bought it in a shop in a bazaar)
 32676 | Bazaar   | Bought a pair of embroidered boots for 135 gold pieces
 32712 | Bazaar   | Bought a potion of haste for 210 gold pieces
 32712 | Bazaar   | Bought a wooden wand for 84 gold pieces
 32712 | Bazaar   | Bought a potion of heal wounds for 105 gold pieces
 32713 | Bazaar   | Bought a scroll of teleportation for 63 gold pieces
 32739 | Bazaar   | Bought a scroll of teleportation for 87 gold pieces
 32739 | Bazaar   | Bought a scroll labelled SUR BASEBYS for 29 gold pieces
 32739 | Bazaar   | Bought a scroll of fear for 101 gold pieces
 32765 | Bazaar   | Bought a scroll of holy word for 142 gold pieces
 32765 | Bazaar   | Bought a scroll of teleportation for 57 gold pieces
 32765 | Bazaar   | Bought a scroll of teleportation for 57 gold pieces
 32765 | Bazaar   | Bought a scroll of teleportation for 57 gold pieces
 32765 | Bazaar   | Bought a scroll of teleportation for 57 gold pieces
 32906 | Snake:4  | Reached skill level 10 in Dodging
 33398 | Snake:4  | Reached XP level 15. HP: 132/132 MP: 12/12
 33703 | Snake:4  | Got a serpentine rune of Zot
 34877 | Swamp:1  | Entered Level 1 of the Swamp
 34976 | Swamp:1  | Identified the +12 halberd of Terra Cotta {flame, rElec rN+
                  | Str+2}
 35119 | Swamp:1  | Found an iron altar of Okawaru.
 36122 | Swamp:2  | Paralysed by a fenstrider witch for 3 turns
 37589 | Swamp:3  | Acquired a manual of Dodging
 37736 | Swamp:4  | Entered Level 4 of the Swamp
 38191 | Swamp:4  | Reached XP level 16. HP: 154/154 MP: 13/13
 38358 | Swamp:4  | Got a decaying rune of Zot
 38888 | Lair:6   | Entered Level 6 of the Lair of Beasts
 39484 | Lair:6   | Found a large runed translucent door.
 39485 | Lair:6   | Found a large runed translucent door.
 40140 | Vaults:1 | Entered Level 1 of the Vaults
 40172 | Vaults:1 | Found a crumbling gateway.
 40192 | Desolati | Entered the Desolation of Salt
 40305 | Desolati | Got the Tome of the Volcanoes
 40533 | Desolati | Found the +8 demon trident "Rift" {distort, reach+}
 40545 | Desolati | Identified the ring of Boucaz {Int+6 Slay+2}
 40562 | Desolati | Identified the +8 triple sword of Spores {flame, *Rage
                  | rPois MP+9 Stlth+}
 40744 | Desolati | Identified the ring "Poeryor" {rC+ rCorr}
 41502 | Vaults:1 | Reached XP level 17. HP: 161/161 MP: 14/14
 41764 | Vaults:1 | Found Uruluc's Weapon Shop.
 42644 | Vaults:1 | Reached skill level 15 in Dodging
 43435 | Vaults:2 | Noticed Margery
 43460 | Vaults:2 | Killed Margery
 43701 | Vaults:2 | Reached XP level 18. HP: 146/169 MP: 15/15
 45044 | Orc:2    | Bought a scroll of enchant weapon for 97 gold pieces
 45044 | Orc:2    | Bought a scroll of blinking for 97 gold pieces
 45108 | Orc:2    | Bought a potion of berserk rage for 85 gold pieces
 45370 | Snake:3  | Killed Pusifiv's ghost
 45672 | Snake:2  | Killed TuffENuff's ghost
 46160 | Orc:1    | Killed Kisosi's ghost
 46209 | Orc:1    | Identified the +2 robe "Wiveyt" {*Slow Fly Str+4 Int+2}
 46210 | Orc:1    | Identified the +8 glaive of Irigei {vorpal, Str+5}
 46851 | Vaults:3 | Noticed Sojobo
 46886 | Vaults:3 | Killed Sojobo
 48092 | Vaults:3 | Found a staircase to the Crypt.
 48106 | Vaults:3 | Reached XP level 19. HP: 179/179 MP: 16/16
 48167 | Vaults:3 | Found Zimnudwy's Armour Shop.
 48175 | Vaults:3 | Bought a +0 cloak for 54 gold pieces
 48628 | Vaults:3 | Bought the +5 tower shield of Wrong Decisions {rC+ Int+6
                  | Dex-5} for 547 gold pieces
 48966 | Vaults:4 | Noticed Bai Suzhen
 48990 | Vaults:4 | Killed Bai Suzhen
 50468 | Depths:1 | Entered Level 1 of the Depths
 51446 | Depths:1 | Paralysed by a great orb of eyes for 4 turns
 51522 | Depths:1 | Reached XP level 20. HP: 190/190 MP: 17/17
 52110 | Depths:1 | Found the +4 robe of Folly {Brilliance Will-∞ Int+8}
 52799 | Depths:1 | Found a gateway to Hell.
 53054 | Depths:2 | Noticed a caustic shrike
 53076 | Depths:2 | Killed a caustic shrike
 53385 | Depths:2 | Found Geozxeasep's Antique Armour Boutique.
 53390 | Depths:2 | Paralysed by a floating eye for 3 turns
 53409 | Depths:2 | Bought a pair of glowing gloves for 232 gold pieces
 53409 | Depths:2 | Bought a glowing hat for 217 gold pieces
 53439 | Depths:2 | Acquired the +0 pair of gloves of Gravitas {rC+ rN+}
 53444 | Depths:2 | Found Kinlel's Armour Shop.
 53444 | Depths:2 | Found Gydgh's General Store.
 53450 | Depths:2 | Found Qecsul's Antique Weapon Shop.
 53456 | Depths:2 | Bought a potion of heal wounds for 105 gold pieces
 53969 | Depths:2 | Reached XP level 21. HP: 211/211 MP: 17/17
 54120 | Depths:2 | Identified the +1 leather armour "Emenul" {Stlth+}
 54212 | Depths:3 | Found the +7 great mace "Firestarter" {inner flame, rF++}
 54400 | Depths:3 | Found Boros's Antique Weapon Emporium.
 54449 | Depths:3 | Noticed a caustic shrike
 54460 | Depths:3 | Killed a caustic shrike
 54521 | Depths:3 | Found a one-way gate leading to the halls of Pandemonium.
 54526 | Depths:3 | Noticed a juggernaut
 54543 | Depths:3 | Killed a juggernaut
 54643 | Depths:3 | Identified the +5 scythe "Koutax" {vorpal, rPois rN+ Int+3}
 54738 | Depths:3 | Found Iduofuum's Armour Shoppe.
 54802 | Depths:3 | Identified the ring "Cuufuonk" {rF- rCorr Str+4 Dex+4}
 54804 | Depths:3 | Cast into level 2 of the Abyss (a wizard)
 55184 | Depths:3 | Escaped the Abyss
 55324 | Depths:3 | Identified the +8 chain mail "Quicvown" {-Tele Regen+ Str+4
                  | Slay+3}
 55325 | Depths:3 | Identified the +3 scale mail of the Lotus Blossom {Dex+3}
 55382 | Depths:3 | Noticed Saint Roka
 55414 | Depths:3 | Killed Saint Roka
 55432 | Depths:3 | Found a shadowy altar of Dithmenos.
 55451 | Depths:3 | Found a gateway to a ziggurat.
 55581 | Depths:3 | You fall into a shaft and drop 2 floors!
 55581 | Depths:5 | Entered Level 5 of the Depths
 55611 | Depths:5 | Noticed Mennas
 55647 | Depths:5 | Killed Mennas
 56279 | Depths:4 | Identified the +3 mace of Waenix {vorpal, rC- Dex+4}
 56320 | Depths:4 | Acquired a manual of Axes
 56574 | Depths:4 | Reached XP level 22. HP: 224/224 MP: 18/18
 56839 | Depths:4 | Identified the +6 short sword "Okkamony" {freeze, Will+
                  | rCorr Str+3}
 56914 | Depths:4 | Found a one-way gate to the infinite horrors of the Abyss.
 59010 | Depths:5 | Found a sacrificial altar of Ru.
 59563 | Depths:5 | Reached XP level 23. HP: 238/238 MP: 19/19
 59583 | Depths:5 | Found a gate to the Realm of Zot.
 60125 | Vaults:5 | Entered Level 5 of the Vaults
 60246 | Vaults:5 | Noticed a dread lich
 60261 | Vaults:5 | Reached skill level 27 in Fighting
 60265 | Vaults:5 | Killed a dread lich
 60422 | Vaults:5 | Noticed a dread lich
 60433 | Vaults:5 | Killed a dread lich
 60686 | Vaults:5 | Noticed an ancient lich
 60688 | Vaults:5 | Killed an ancient lich
 61044 | Vaults:5 | Found Nihosirch's Jewellery Boutique.
 61052 | Vaults:5 | Bought the amulet "Zees" {+Blink Will+ Regen+} for 892 gold
                  | pieces
 61130 | Vaults:5 | Found Xyedutem's Antique Armour Shop.
 61136 | Vaults:5 | Identified the +1 robe of Virtue {rElec SInv}
 61144 | Vaults:5 | Identified the +0 plate armour "Plog" {Dex+4}
 61152 | Vaults:5 | Bought a crude cloak for 237 gold pieces
 61152 | Vaults:5 | Identified the +0 cloak of Amorality {rPois Will+ Regen+
                  | Str+4} (You bought it in a shop on level 5 of the Vaults)
 61289 | Vaults:5 | Identified the +1 plate armour of the Storm King {rC+
                  | Regen+ Int-5 Dex+3}
 61353 | Vaults:5 | Identified the +3 robe of Eternal Vigilance {-Cast rElec
                  | Dex+4 SInv}
 61379 | Vaults:5 | Identified the +3 ring mail of Divine Compulsion {Int+2
                  | Dex-4 Stlth+}
 61522 | Vaults:5 | Noticed a dread lich
 61531 | Vaults:5 | Killed a dread lich
 61532 | Vaults:5 | Reached skill level 1 in Evocations
 61625 | Vaults:5 | Identified the +2 chain mail "Ohor" {Harm Dex+4}
 61650 | Vaults:5 | Got a silver rune of Zot
 62183 | Zot:1    | Entered Level 1 of the Realm of Zot
 62208 | Zot:1    | Reached XP level 24. HP: 242/249 MP: 19/19
 62393 | Zot:2    | Reached skill level 27 in Shields
 62820 | Zot:5    | Entered Level 5 of the Realm of Zot
 63347 | Zot:5    | Noticed a dread lich
 63354 | Zot:5    | Noticed a dread lich
 63366 | Zot:5    | Killed a dread lich
 63369 | Zot:5    | Killed a dread lich
 63370 | Zot:5    | Reached XP level 25. HP: 147/257 MP: 11/19
 63375 | Zot:5    | Noticed an orb of fire
 63398 | Zot:5    | Gained mutation: You tend to lose your temper in combat.
                  | [an orb of fire]
 63410 | Zot:5    | Noticed an ancient lich
 63411 | Zot:5    | Gained mutation: Your magical capacity is very low. (-20%
                  | MP) [an orb of fire]
 63416 | Zot:5    | Killed an orb of fire
 63417 | Zot:5    | Noticed an orb of fire
 63417 | Zot:5    | Noticed an ancient lich
 63421 | Zot:5    | Lost mutation: You tend to lose your temper in combat. [an
                  | orb of fire]
 63429 | Zot:5    | Gained mutation: You are clumsy. (Dex -2) [an orb of fire]
 63430 | Zot:5    | Reached skill level 27 in Armour
 63432 | Zot:5    | Killed an ancient lich
 63439 | Zot:5    | Killed an ancient lich
 63440 | Zot:5    | Killed an orb of fire
 63640 | Zot:5    | Got the Orb of Zot
 64062 | D:10     | Noticed Luelot the pandemonium lord
 64224 | D:$      | Escaped with the Orb!

Illustrated notes

Levels and vault maps discovered:
D:1:      matt_arrival_diagonals, layout_basic, basic_ecumenical_altar,
          chequers_serial_rivers_marsh
D:2:      layout_loops_ring, basic_altar, corexii_corridor_pit
D:3:      layout_basic, dk_vineyard_1, minmay_misc_feat_encased,
          grunt_ministairs_1, minmay_gold_behind_fungi,
          chequers_serial_rivers_small_b, chequers_serial_rivers_small_a,
          guppyfry_early_orc_mine, uniq_robin, uniq_sigmund
D:4:      layout_cave_pods
D:5:      layout_loops_ring, serial_shops, shop, serial_aquarium,
          aquarium_bridge_square [aquarium_subvault_window,
          aquarium_subvault_wall, aquarium_subvault_window,
          aquarium_subvault_bridge], aquarium_bridge_long_joined
          [aquarium_subvault_wall, aquarium_subvault_wall,
          aquarium_subvault_wall, aquarium_subvault_bridge,
          aquarium_subvault_bridge, aquarium_subvault_wall],
          aquarium_window_fake, aquarium_window_corner, aquarium_window_fake,
          aquarium_view_2e, aquarium_view_2c, aquarium_balcony_1b,
          aquarium_pool_2
D:6:      layout_cave_pools, nicolae_elemental_shop, st_stairs_9,
          minmay_pentangle, uniq_edmund, uniq_eustachio, uniq_blork_the_orc
D:7:      layout_basic, temple_hall, kennysheep_generic_room_9, uniq_pikel,
          uniq_harold
D:8:      layout_basic, dpeg_oklobed_lair, serial_curves, eino_curves_01,
          eino_curves_04, eino_curves_04, eino_curves_02, uniq_grum
D:9:      layout_loops_cross, serial_shops, shop_fountains,
          amcnicky_mini_pool_small
D:10:     layout_irregular_city, nicolae_qazlal_style_of_elements
D:11:     layout_long_grid, orc_david_3, serial_shops,
          nicolae_shop_overgrown_old_shop, kennysheep_boxes
D:12:     layout_cave_pools, serial_column_ruins, column_ruins_circle_small,
          column_ruins_corridor_corner, column_ruins_corridor_straight,
          column_ruins_corridor_corner, column_ruins_open_small,
          column_ruins_open_large, column_ruins_open_medium, serial_bayou_lake_a
D:13:     minmay_s_stair_smasher, layout_rooms, david_vaults_5, serial_shops,
          shop, uniq_urug
D:14:     layout_basic, drop_trap
D:15:     gammafunk_depths_entry_grave, layout_basic,
          chequers_serial_rivers_small_b, nicolae_trove_entry_free_sample,
          uniq_louise
Temple:   kilobyte_greek_temple
Lair:1:   layout_cave_pods, minmay_lair_oklob_chamber, uniq_nergalle
Lair:2:   layout_roguey, minmay_swamp_entry_worms,
          minmay_snake_entry_six_corridors, roderic_batcave, st_stairs_9,
          uniq_sonja
Lair:3:   layout_concentric_octagons
Lair:4:   layout_gridlike, serial_bayou_shore_b
Lair:5:   layout_misc_corridors, minmay_slime_entry_oklob_open,
          lemuel_fruit_fields, grunt_megastairs_5, uniq_nessos
Lair:6:   cheibrodos_lair_end_hotspot, layout_loops_ring
Swamp:1:  layout_basic_swamp, nicolae_swamp_godswood, swamp_pool1,
          infiniplex_staircase_pool
Swamp:2:  layout_basic_swamp, evilmike_swamp_ruin_house_1
Swamp:3:  layout_basic_swamp, evilmike_swamp_ruin_rubble_2
Swamp:4:  swamp_alternative, layout_basic_swamp
Snake:1:  layout_basic, uniq_aizul
Snake:2:  layout_misc_corridors, gammafunk_ghost_arena, serial_bayou_shore_a,
          lemuel_fruit_tree, minmay_shoptagon, uniq_azrael
Snake:3:  layout_basic, gammafunk_ghost_wrathful_warriors, serial_bayou_ford_a,
          grunt_ministairs_4, st_stairs_11
Snake:4:  grunt_snake_rune_pools, layout_cave_town, serial_shops,
          bzr_entry_gold, grunt_ministairs_3
Orc:1:    layout_diamond_mine, gammafunk_ghost_fury_of_okawaru, basic_altar,
          uniq_josephine, uniq_fannar
Orc:2:    st_orc_pillars, layout_diamond_mine, serial_shops, shop_fountains,
          uniq_donald, uniq_erolcha
Vaults:1: ontoclasm_vaults_ring_square, nicolae_vaults_shelves_hall,
          vaults_mumra_hex, ontoclasm_vaults_tryst,
          nicolae_vaults_an_arrangement,
          vaults_standard_mumra_enter_the_diamond, grunt_vaults_funnel,
          dpeg_vaults_monster_box, nicolae_vaults_big_ls, ontoclasm_vaults_eye,
          v_misc_14, vaults_dpeg_cross, layout_vaults_ring,
          portal_desolation_entry_twin_temple
Vaults:2: vaults_room_door_ring, ontoclasm_vaults_ring_square,
          hangedman_vaults_slither, nicolae_vaults_mini_display_case, v_rooms_6,
          nicolae_vaults_stairing_the_circle, v_misc_4,
          nicolae_vaults_network_periphery, ontoclasm_vaults_gateway,
          hangedman_vaults_stretched_pinwheel, layout_vaults_omnibox,
          uniq_margery
Vaults:3: hangedman_vaults_corner_blocks, st_hourglassy, hangedman_vaults_trim,
          v_misc_19, minmay_crypt_entry_simple_corners, v_alt_pattern_1,
          v_pattern_2, v_misc_9, vaults_mumra_minichess_inversion,
          nicolae_vaults_windows_and_doors_thing, v_alt_pattern_2,
          vaults_dpeg_ring, ontoclasm_vaults_ring_large,
          nicolae_vaults_shelves_hall, layout_vaults_maze, serial_shops,
          nicolae_shop_waterfront, uniq_sojobo
Vaults:4: v_alt_pattern_6, nicolae_vaults_little_squares_5,
          hangedman_vaults_snaps, hangedman_vaults_capsules, v_pattern_3,
          v_misc_19, v_misc_3, hangedman_vaults_impose, ontoclasm_vaults_hangar,
          nicolae_vaults_network_square, nicolae_vaults_little_squares_6,
          vaults_room_stairs_pillars, layout_vaults_omnicross, uniq_bai_suzhen
Vaults:5: serial_shops
Depths:1: hangedman_grunt_twisty_little_passages, layout_basic,
          pf_dread_powers_of_hell, serial_corexii_hall
Depths:2: nicolae_legendary_halls, layout_cave_shapes, hell_entry,
          minmay_misc_feat_columns, serial_shops, nicolae_square_shop,
          infiniplex_staircase_pool_2, minmay_shop_star, serial_bayou_shore_b
Depths:3: minmay_the_grid_triangle_9x9_rhombus_thin_mashed
          [minmay_the_grid_triangle_9x9_skeleton,
          minmay_the_grid_triangle_9x9_prize_schism,
          minmay_the_grid_triangle_9x9_corruption,
          minmay_the_grid_triangle_9x9_zippers_horizontal], layout_cave_pools,
          enter_ziggurat_f, grunt_dithmenos_smoke_and_mirrors, pf_coc_iceberg,
          rand_demon_pan_entry_5, serial_shops, shop_fountains,
          nicolae_shop_statue_plus, hex_medium, uniq_saint_roka
Depths:4: minmay_dotted_concentric_squares, layout_cave_shapes,
          hangedman_abyss_entry_splay, pan_entry, pf_hell_entry_tar_spiral,
          infiniplex_staircase_zigzag_3
Depths:5: lemuel_castle_with_subvaults [lemuel_castle_interior_carwin_1],
          layout_basic, grunt_metal_band, minmay_misc_feat_hallway, special_room
          [special_room_jelly], hangedman_ru_absence,
          infiniplex_staircase_pool_lava, uniq_mennas
Zot:1:    layout_misc_corridors, gammafunk_ghost_tricky_traps,
          grunt_megastairs_4
Zot:2:    layout_onion, zot_minivault_4
Zot:3:    layout_twisted_circle
Zot:4:    layout_basic
Zot:5:    layout_twisted_circle

Skill      XL: |  1  2  3  4  5  6  7  8  9 10 11 12 13 14 15 16 17 18 19 20 21 22 23 24 25 |
---------------+----------------------------------------------------------------------------+-----
Axes           | 3 5 6 8 12 15 16 18 21 22 23 25 | 25.3
Shields        | 4 5 6 9 13 15 12 17 19 21 23 24 25 26 27 | 27.0
Armour         | 4 5 6 9 10 12 14 15 16 17 19 20 21 22 23 24 26 27 | 27.0
Fighting       | 4 7 8 10 11 13 15 16 17 20 23 24 26 27 | 27.0
Throwing       | 1 2 5 6 7 8 |  8.0
Dodging        | 2 4 5 8 10 13 16 17 18 19 21 | 21.2
Evocations     | 1 4 |  4.0

Action                   |  1- 3 |  4- 6 |  7- 9 | 10-12 | 13-15 | 16-18 | 19-21 | 22-24 | 25-27 || total
-------------------------+-------+-------+-------+-------+-------+-------+-------+-------+-------++-------
Melee: War axe           |    94 |    65 |    23 |  1296 |       |       |       |       |       ||  1478
       Headbutt          |    13 |    13 |    31 |   426 |   351 |   492 |   457 |   337 |    51 ||  2171
       Unarmed           |       |     4 |       |       |       |       |       |       |       ||     4
       Hand axe          |       |       |   166 |   121 |       |       |       |       |       ||   287
       Broad axe         |       |       |       |    61 |  1442 |  1558 |  1768 |  1200 |   172 ||  6201
Throw: Stone             |    76 |    65 |   108 |   457 |       |       |       |       |       ||   706
       Dart              |       |       |    10 |    39 |       |       |       |       |       ||    49
       Boomerang         |       |       |       |   123 |    29 |     1 |       |     7 |       ||   160
       Throwing net      |       |       |       |     3 |     4 |       |       |       |       ||     7
Invok: Sacrifice Experie |       |       |       |     1 |       |       |       |       |       ||     1
       Apocalypse        |       |       |       |     6 |     5 |     6 |     4 |    10 |     1 ||    32
       Sacrifice Essence |       |       |       |     1 |       |       |       |       |       ||     1
       Sacrifice Love    |       |       |       |     1 |       |       |       |       |       ||     1
       Sacrifice Resista |       |       |       |     1 |       |       |       |       |       ||     1
       Sacrifice Arcana  |       |       |       |     1 |       |       |       |       |       ||     1
Evoke: Wand              |       |       |     8 |    21 |     8 |     4 |       |       |       ||    41
  Use: Potion            |       |     1 |     1 |     3 |    10 |    10 |     3 |     6 |     7 ||    41
       Scroll            |       |     4 |     4 |    18 |    12 |     6 |    11 |    10 |     3 ||    68
 Stab: Petrified         |       |       |       |     7 |       |       |       |       |       ||     7
       Petrifying        |       |       |       |     2 |       |       |       |       |       ||     2
       Distracted        |       |       |       |     7 |    10 |     6 |     5 |     4 |     1 ||    33
       Paralysed         |       |       |       |    10 |    19 |    28 |     9 |    45 |     3 ||   114
       Invisible         |       |       |       |     6 |    20 |    15 |    10 |    18 |     3 ||    72
       Held in net/web   |       |       |       |     4 |     4 |       |       |       |       ||     8
       Confused          |       |       |       |       |     1 |       |       |       |       ||     1
Armor: Scale mail        |    14 |       |       |       |       |       |       |       |       ||    14
       Chain mail        |    32 |    49 |    88 |    73 |       |       |       |       |       ||   242
       Plate armour      |       |       |       |   284 |   466 |   381 |   281 |   159 |       ||  1571
       Gold dragon scale |       |       |       |       |       |       |       |   107 |    32 ||   139
Dodge: Dodged            |    24 |    10 |    45 |   270 |   314 |   290 |   225 |   197 |    18 ||  1393
Block: Kite shield       |    41 |    34 |   124 |   735 |   315 |       |       |       |       ||  1249
       Reflection        |       |       |       |     7 |    97 |    44 |    26 |    36 |       ||   210
       Tower shield      |       |       |       |       |  1121 |  1679 |  1673 |  1144 |   144 ||  5761
